 Dungeon Crawl Stone Soup version 0.29.1-2-gbd0b4ee654 (webtiles) character file.

Game seed: 17071561640595607229

37 qeuew the Slasher (level 3, -2/27 HPs)
             Began as a Demonspawn Gladiator on Nov 2, 2022.
             Was a Follower of Fedhas.
             Slain by a hobgoblin
             ... wielding a +0 hand axe
              (5 damage)
             ... on level 2 of the Dungeon.
             The game lasted 00:01:51 (1090 turns).

qeuew the Slasher (Demonspawn Gladiator)            Turns: 1090, Time: 00:01:51

Health: -2/27      AC:  8    Str: 14    XL:     3   Next: 23%
Magic:  3/3        EV: 11    Int:  9    God:    Fedhas [*.....]
Gold:   120        SH:  0    Dex: 16    Spells: 2/2 levels left

rFire   . . .      SeeInvis .   a - +0 long sword
rCold   . . .      Faith    .   (no shield)
rNeg    . . .      Spirit   .   k - +0 ring mail
rPois   .          Reflect  .   c - +0 helmet
rElec   .          Harm     .   (no cloak)
rCorr   .          Rampage  .   (no gloves)
Will    .....                   (no boots)
Stlth   +.........              (no amulet)
HPRegen 0.09/turn               (no ring)
MPRegen 0.08/turn               (no ring)

@: lethally poisoned (-2 -> -16)
A: molten scales 1, demonic guardian 1
a: Renounce Religion


You were on level 2 of the Dungeon.
You worshipped Fedhas.
Fedhas was aware of your devotion.
You visited 1 branch of the dungeon, and saw 2 of its levels.

You collected 120 gold pieces.

Inventory:

Hand Weapons
 a - a +0 long sword (weapon)
Missiles
 d - 3 throwing nets (quivered)
 e - a javelin
Armour
 c - a +0 helmet (worn)
 k - a +0 ring mail (worn)
Jewellery
 g - a ring of wizardry
Scrolls
 b - a scroll of enchant armour {unknown}
 f - a scroll of teleportation


   Skills:
 + Level 2.2 Fighting
 + Level 3.2 Long Blades
 + Level 1.8 Throwing
 * Level 0.7 Armour
 + Level 3.1 Dodging


You had 2 spell levels left.
You didn't know any spells.
Your spell library was empty.

Dungeon Overview and Level Annotations

Branches:
Dungeon (2/15)

Altars:
Fedhas
Nemelex Xobeh


Innate Abilities, Weirdness & Mutations

You are partially covered in molten scales. (AC +2)
A weak demonic guardian rushes to your aid.


Message History

The rat closely misses you. The goblin misses you.
Your shadow imp barely misses the goblin.
Unknown command.
You closely miss the rat. The rat barely misses you.
Something closely misses your shadow imp.
The goblin completely misses you.
Your shadow imp hits the goblin.
You hit the rat.
The rat is heavily wounded.
The rat barely misses you. Something hits your shadow imp.
The goblin hits your shadow imp but does no damage.
Your shadow imp hits the goblin.
The goblin dies!
Fedhas appreciates your contribution to the ecosystem.
The rat misses you.
A poisoned dart appears from out of thin air!
The poisoned dart hits your shadow imp!
You slash the rat!
You kill the rat!
Fedhas appreciates your contribution to the ecosystem.
A poisoned dart appears from out of thin air!
The poisoned dart hits your shadow imp!
A poisoned dart appears from out of thin air!
The poisoned dart hits you!
You are lethally poisoned!
You see here a rat corpse.
* * * LOW HITPOINT WARNING * * *
You feel sick.
A poisoned dart appears from out of thin air!
The poisoned dart hits you!
You are more poisoned.
Things that are here:
a +0 club; a goblin corpse You aren't carrying any potions.
You aren't carrying any potions.
Okay, then.
* * * LOW HITPOINT WARNING * * *
You feel very sick. Something hits you.
You die...
Fedhas appreciates your contribution to the ecosystem.

#....###.### ###.##
#....'.....# ##...#
#....###.### #..#.#
###### #.# ####.##...
#######....##.## #
#....#####.# ##.#######
#.##### #.#
..?.....5#####...5.# #.#
.......†)@{......(.####.#
.....^.............'...
...........####....####
.?...>.##..# #....#
...........# #....#
.)......##.# #....#
##+####. #.# #....# # #.#
###### #.#


You could see a friendly shadow imp (summoned).

Vanquished Creatures
  A worm (D:2)
  2 dart slugs
  3 ball pythons (D:1)
  3 endoplasms
  3 giant cockroaches
  A hobgoblin (D:1)
  2 quokkas (D:1)
  2 bats (D:1)
  A frilled lizard (D:1)
  2 goblins (D:1)
  3 kobolds
  5 rats
28 creatures vanquished.

Vanquished Creatures (collateral kills)
  A goblin (D:2)
1 creature vanquished.

Grand Total: 29 creatures vanquished

Notes
Turn   | Place    | Note
-------+----------+-------------------------------------------
     0 | D:1      | qeuew the Demonspawn Gladiator began the quest for the Orb.
     0 | D:1      | Reached XP level 1. HP: 16/16 MP: 1/1
    90 | D:1      | Gained mutation: You are partially covered in molten
                  | scales. (AC +2) [demonic ancestry]
    90 | D:1      | Reached XP level 2. HP: 22/22 MP: 2/2
   274 | D:1      | Found a sparkling altar of Nemelex Xobeh.
   659 | D:1      | Found a faded altar of an unknown god.
   680 | D:1      | Prayed at the altar of an unknown god.
   680 | D:1      | Became a worshipper of Fedhas Madash
   680 | D:1      | Reached * piety under Fedhas
   803 | D:2      | Gained mutation: A weak demonic guardian rushes to your
                  | aid. [demonic ancestry]
   803 | D:2      | Reached XP level 3. HP: 19/27 MP: 3/3
  1090 | D:2      | Slain by a hobgoblin

Illustrated notes

Levels and vault maps discovered:
D:1:      sevenhm_arrival_forest_fort_small_6, layout_rooms,
          ebering_ecumenical_altar_sacrificial, minmay_tall_x
D:2:      layout_basic

Skill      XL: |  1  2 |
---------------+-------+-----
Dodging        | 3 |  3.1
Long Blades    | 3 |  3.2
Fighting       | |  2.2
Throwing       | |  1.8
Armour         | |  0.7

Action                   || total
-------------------------++-------
Melee: Long sword        ||    86
       Punch             ||     1
  Use: Scroll            ||     3
Armor: Leather armour    ||    34
       Ring mail         ||    17
Dodge: Dodged            ||    76
